Map: Dusk Towers

Players

Amy

  • Race: Terran Terran
  • League: Master

oliM - Winner!

  • Race: Protoss Protoss
  • League: Master

VOD

Have the link to the VOD?

Description

Time

  • Played on: April 4, 2016, 12:55 a.m.
  • Length: 13:20
Show
View Real Time Build Order
Export as new Build Order

Amy Terran 

Build Orders: MMM Bio 

Get SALT Encoding   

  12  0:01  SCV  
  13  0:13  SCV  
  14  0:17  Supply Depot  
  14  0:25  SCV  
  15  0:38  SCV, Barracks  
  16  0:44  Refinery  
  16  0:50  SCV  
  17  1:03  SCV  
  18  1:15  SCV  
  19  1:27  Orbital Command  
  19  1:28  Barracks Reactor  
  19  1:44  Command Center  
  19  1:53  SCV  
  20  2:01  Supply Depot  
  20  2:05  Marine x2  
  20  2:06  SCV  
  23  2:14  Factory  
  23  2:22  SCV  
  24  2:23  Marine x2  
  26  2:34  SCV  
  27  2:41  Marine x2  
  29  2:46  SCV  
  30  2:52  Supply Depot  
  30  2:58  SCV, Widow Mine  
  32  2:59  Starport  
  32  3:00  Marine x2  
  36  3:07  Orbital Command  
  35  3:16  SCV  
  35  3:18  Marine  
  35  3:19  Marine  
  38  3:26  Widow Mine  
  40  3:29  SCV  
  40  3:32  Refinery  
  40  3:33  Supply Depot  
  41  3:36  Medivac  
  41  3:38  SCV  
  44  3:45  Marine x2  
  47  3:48  SCV  
  47  3:50  SCV  
  48  4:00  SCV  
  48  4:02  SCV  
  50  4:03  Liberator, Marine x2  
  52  4:12  SCV  
  52  4:14  SCV  
  52  4:15  Supply Depot  
  57  4:24  SCV  
  57  4:26  SCV  
  59  4:35  Marine x2  
  59  4:36  SCV  
  62  4:38  SCV  
  62  4:41  Command Center  
  62  4:43  Engineering Bay  
  62  4:45  Factory Tech Lab  
  63  4:49  SCV  
  63  4:50  SCV  
  65  4:56  Marine x2  
  63  5:01  SCV  
  63  5:02  SCV  
  65  5:14  SCV, Marine  
  62  5:15  SCV, Marine  
  63  5:26  Refinery x2  
  63  5:27  Siege Tank  
  60  5:32  Starport Tech Lab  
  60  5:34  Barracks  
  60  5:35  Marine x2, Barracks  
  62  5:37  SCV x2, Terran Infantry Weapons Level 1  
  64  5:49  SCV x2  
  66  5:51  Raven  
  66  5:53  Orbital Command  
  68  6:00  Marine  
  68  6:01  Marine  
  68  6:03  Siege Tank  
  73  6:04  SCV x2  
  73  6:08  Supply Depot  
  73  6:09  Supply Depot  
  75  6:16  SCV x2  
  74  6:26  Engineering Bay  
  74  6:28  Marine x2  
  74  6:29  Barracks Tech Lab  
  74  6:30  Barracks  
  74  6:31  SCV x2  
  74  6:32  SCV  
  79  6:35  Barracks  
  79  6:42  Starport Reactor  
  79  6:43  Marine  
  79  6:45  Marine x2  
  82  6:47  Stimpack, Combat Shields  
  82  6:49  SCV x2  
  82  6:50  SCV  
  82  6:53  Supply Depot, Missile Turret, Terran Infantry Armor Level 1  
  85  6:54  Supply Depot  
  85  6:56  Armory  
  85  6:57  Marine  
  85  7:01  SCV x2, Siege Tank, Marine  
  92  7:09  Supply Depot  
  92  7:10  Missile Turret, Marine x2  
  94  7:19  Orbital Command  
  94  7:20  Medivac x2  
  99  7:24  Barracks Reactor, Barracks Tech Lab  
  99  7:25  Marauder x2  
  99  7:29  Marine x2  
  103  7:31  SCV x2  
  103  7:35  Liberator  
  106  7:43  SCV  
  107  7:45  SCV x2, Marauder  
  107  7:47  Refinery  
  107  7:51  Refinery  
  111  7:54  Starport  
  111  7:56  SCV  
  111  7:57  SCV  
  116  8:03  Bunker  
  116  8:05  Bunker  
  116  8:06  Supply Depot  
  116  8:07  Supply Depot  
  116  8:08  Supply Depot  
  116  8:15  Marine x3  
  116  8:16  Marauder x3  
  125  8:23  Missile Turret  
  125  8:24  Terran Infantry Weapons Level 2  
  125  8:27  Liberator x2, Supply Depot  
  125  8:30  Fusion Core  
  125  8:32  SCV  
  125  8:33  SCV x2  
  128  8:37  Marauder  
  130  8:44  SCV  
  130  8:45  Supply Depot  
  130  8:46  Supply Depot  
  130  8:48  Supply Depot  
  137  8:58  Command Center  
  137  9:01  Barracks x2  
  137  9:03  Barracks  
  137  9:08  Terran Infantry Armor Level 2  
  137  9:09  Terran Ship Weapons Level 1  
  137  9:10  Liberator x2  
  137  9:15  Supply Depot  
  137  9:16  Supply Depot  
  136  9:17  Supply Depot  
  136  9:23  Marine  
  136  9:24  Marine x6  
  147  9:33  Advanced Ballistics  
  147  9:41  Liberator, Marine  
  147  9:42  Marine, Marauder x3  
  153  9:53  Liberator  
  156  10:04  Marauder  
  161  10:19  Barracks Tech Lab x3  
  161  10:21  Orbital Command  
  161  10:28  Marine  
  161  10:34  Medivac  
  164  10:41  Medivac  
  166  10:47  Liberator  
  166  10:53  Medivac  
  166  10:54  Liberator  
  165  11:13  Liberator  
  165  11:30  Liberator  
  165  11:37  Liberator  
  168  11:56  Liberator  
  171  12:12  Liberator  
  173  12:20  Liberator  
Show
View Real Time Build Order
Export as new Build Order

oliM Protoss - Winner!

Build Orders: 1 Gate Expand, Blink Stalkers 

Get SALT Encoding   

  12  0:01  Probe (Chrono Boost)  
  13  0:12  Probe (Chrono Boost)  
  14  0:17  Pylon  
  14  0:22  Probe (Chrono Boost)  
  15  0:36  Gateway, Probe (Chrono Boost)  
  16  0:46  Probe (Chrono Boost)  
  16  0:47  Assimilator  
  18  0:57  Probe (Chrono Boost)  
  18  1:07  Probe (Chrono Boost)  
  19  1:18  Nexus  
  19  1:30  Cybernetics Core  
  19  1:35  Assimilator  
  19  1:36  Probe (Chrono Boost)  
  20  1:44  Pylon  
  20  1:46  Probe (Chrono Boost)  
  21  1:57  Probe (Chrono Boost)  
  23  2:10  Adept, Mothership Core (Chrono Boost)  
  26  2:22  Pylon  
  26  2:28  Warp Gate (Chrono Boost), Probe (Chrono Boost)  
  26  2:38  Probe (Chrono Boost), Twilight Council  
  26  2:39  Probe (Chrono Boost)  
  28  2:48  Probe (Chrono Boost)  
  28  2:49  Probe (Chrono Boost)  
  30  2:55  Sentry  
  32  2:59  Probe (Chrono Boost)  
  32  3:00  Probe (Chrono Boost)  
  34  3:09  Gateway, Probe (Chrono Boost)  
  34  3:10  Probe (Chrono Boost)  
  36  3:16  Blink  
  36  3:18  Gateway  
  36  3:20  Probe (Chrono Boost)  
  37  3:29  Probe (Chrono Boost)  
  37  3:33  Probe (Chrono Boost)  
  39  3:40  Probe (Chrono Boost), Pylon  
  40  3:50  Robotics Facility  
  40  3:51  Probe x2 (Chrono Boost)  
  42  4:01  Probe (Chrono Boost)  
  42  4:02  Probe (Chrono Boost)  
  44  4:05  Pylon  
  44  4:12  Probe x2  
  44  4:14  Assimilator  
  46  4:18  Assimilator  
  46  4:24  Probe (Chrono Boost)  
  46  4:25  Probe (Chrono Boost)  
  48  4:33  Stalker x3  
  48  4:36  Probe (Chrono Boost)  
  48  4:37  Probe (Chrono Boost)  
  57  4:38  Observer (Chrono Boost)  
  57  4:46  Pylon  
  57  4:48  Probe  
  57  4:49  Probe  
  59  4:57  Stalker x3  
  65  5:00  Probe  
  65  5:03  Probe  
  67  5:25  Probe, Nexus  
  67  5:26  Probe  
  69  5:28  Pylon  
  69  5:31  Pylon  
  69  5:35  Robotics Bay  
  69  5:37  Probe  
  69  5:38  Probe  
  69  5:39  Forge  
  71  5:43  Forge  
  71  5:44  Gateway  
  71  5:45  Observer (Chrono Boost)  
  71  5:49  Probe  
  73  5:50  Probe  
  73  5:52  Pylon  
  74  6:01  Probe  
  74  6:02  Probe  
  77  6:04  Observer (Chrono Boost)  
  77  6:05  Stalker  
  77  6:06  Stalker x2  
  83  6:16  Protoss Ground Weapons Level 1 (Chrono Boost)  
  83  6:17  Protoss Ground Armor Level 1 (Chrono Boost)  
  83  6:18  Probe  
  82  6:22  Probe  
  83  6:26  Disruptor (Chrono Boost)  
  83  6:30  Probe  
  83  6:31  Assimilator  
  87  6:34  Probe  
  87  6:35  Zealot  
  87  6:37  Assimilator  
  87  6:39  Zealot  
  92  6:49  Gateway, Probe  
  92  6:51  Probe  
  92  6:52  Disruptor (Chrono Boost)  
  92  6:53  Gateway  
  97  7:02  Photon Cannon  
  97  7:05  Adept  
  97  7:06  Adept, Photon Cannon  
  97  7:07  Resonating Glaives  
  101  7:11  Pylon, Probe  
  101  7:14  Probe  
  103  7:21  Stalker x2  
  107  7:24  Disruptor  
  107  7:26  Probe  
  107  7:27  Probe  
  112  7:34  Stalker  
  112  7:35  Stalker  
  116  7:37  Probe  
  116  7:42  Pylon  
  115  7:47  Gateway  
  115  7:50  Adept x3  
  121  7:51  Photon Cannon  
  121  8:02  Stalker x2  
  125  8:08  Stalker, Pylon  
  125  8:10  Probe  
  125  8:11  Pylon  
  128  8:13  Disruptor, Pylon  
  128  8:15  Stargate  
  131  8:22  Stargate  
  131  8:28  Nexus  
  131  8:32  Pylon  
  131  8:33  Protoss Ground Weapons Level 2 (Chrono Boost)  
  131  8:34  Pylon  
  131  8:38  Protoss Ground Armor Level 2 (Chrono Boost)  
  131  8:41  Adept x2  
  135  8:49  Disruptor  
  135  8:53  Assimilator  
  138  8:58  Adept x4, Assimilator  
  146  9:10  Fleet Beacon  
  146  9:21  Probe  
  147  9:27  Adept  
  147  9:28  Adept x3  
  155  9:34  Probe  
  155  9:35  Photon Cannon  
  155  9:37  Pylon  
  156  9:40  Photon Cannon  
  156  9:46  Disruptor  
  159  9:54  Tempest x2 (Chrono Boost)  
  167  10:12  Gateway  
  167  10:14  Gateway  
  167  10:16  Gateway  
  167  10:17  Pylon  
  167  10:27  Templar Archives, Protoss Air Weapons Level 1  
  167  10:32  Tempest x2 (Chrono Boost)  
  175  10:40  Charge (Chrono Boost)  
  173  10:44  Adept x2  
  173  10:48  Warp Prism  
  179  10:50  Nexus  
  179  10:52  Pylon  
  179  10:57  Probe  
  180  11:09  Tempest (Chrono Boost)  
  183  11:13  Tempest (Chrono Boost)  
  185  11:25  Probe  
  186  11:39  Probe  
  186  11:40  Psionic Storm  
  186  11:45  Zealot x6  
  197  11:55  Dark Shrine  
  197  11:58  Photon Cannon  
  197  11:59  Photon Cannon  
  197  12:01  Photon Cannon  
  197  12:02  Photon Cannon  
  197  12:04  Pylon  
  197  12:12  Tempest (Chrono Boost)  
  194  12:25  Zealot, High Templar x2  
  194  12:26  High Templar  
Tags
 
Add a new tag
Caveats
  • Supply blocks, unpowered buildings, or Contaminate may cause inaccurate times.
  • Supply counts are checked every 10 seconds.